[ AOE2 MATCH · #480273668 ]
UnrankedBritons vs Ethiopians
[ REPLAY ANALYSIS · EXTRACTED FROM THE RECORDED GAME ]
Feudal
12:11
Castle
15:48
Imperial
31:21
| APM avg | 41.5 |
| APM peak | 82 |
| eAPM avg | 23.8 |
| Villagers / military | 152 / 337 |
Focus
⚔️ 44.3% · 🌾 55.7%
Longbowman ×337 · Trade Cart ×30
Feudal
8:31
Castle
21:39
Imperial
34:14
| APM avg | 34.4 |
| APM peak | 68 |
| eAPM avg | 22.6 |
| Villagers / military | 123 / 247 |
Focus
⚔️ 48.0% · 🌾 52.0%
Spearman ×106 · Shotel Warrior ×101 · Archer ×22 · Trade Cart ×18 · Bombard Cannon ×17 · Militia ×1
Feudal
10:58
Castle
14:29
Imperial
28:59
| APM avg | 36.5 |
| APM peak | 83 |
| eAPM avg | 27.9 |
| Villagers / military | 179 / 500 |
Focus
⚔️ 43.8% · 🌾 56.2%
Scout Cavalry ×272 · Camel Scout ×154 · Janissary ×39 · Trade Cart ×26 · Bombard Cannon ×24 · Knight ×6
Feudal
11:04
Castle
13:46
Imperial
30:18
| APM avg | 50.5 |
| APM peak | 114 |
| eAPM avg | 21.3 |
| Villagers / military | 132 / 329 |
Focus
⚔️ 31.7% · 🌾 68.3%
Scout Cavalry ×210 · Scorpion ×105 · Trade Cart ×24 · Knight ×9 · Trebuchet (Packed) ×5
Feudal
10:36
Castle
27:40
Imperial
41:43
| APM avg | 41.0 |
| APM peak | 91 |
| eAPM avg | 24.2 |
| Villagers / military | 123 / 454 |
Focus
⚔️ 56.2% · 🌾 43.8%
Spearman ×328 · Skirmisher ×115 · Trade Cart ×11 · Cataphract ×9 · Militia ×1 · Bombard Cannon ×1
Feudal
10:10
Castle
14:15
Imperial
29:22
| APM avg | 45.2 |
| APM peak | 105 |
| eAPM avg | 31.8 |
| Villagers / military | 158 / 415 |
Focus
⚔️ 45.0% · 🌾 55.0%
Knight ×342 · Obuch ×45 · Trade Cart ×29 · Trebuchet (Packed) ×14 · Bombard Cannon ×10 · Monk ×4
Feudal
8:30
Castle
23:53
Imperial
37:39
| APM avg | 53.7 |
| APM peak | 134 |
| eAPM avg | 27.6 |
| Villagers / military | 150 / 183 |
Focus
⚔️ 38.0% · 🌾 62.0%
Spearman ×50 · Fire Lancer ×50 · Scout Cavalry ×45 · Bombard Cannon ×25 · Trade Cart ×15 · Steppe Lancer ×13
Feudal
9:23
Castle
20:01
Imperial
34:37
| APM avg | 59.0 |
| APM peak | 147 |
| eAPM avg | 38.2 |
| Villagers / military | 191 / 109 |
Focus
⚔️ 62.5% · 🌾 37.5%
Cavalry Archer ×46 · Bombard Cannon ×40 · Trade Cart ×23 · Scout Cavalry ×14 · Knight ×6 · Camel Scout ×3
Match map
Initial resources + every placement click. Lines = walls · curves = elevation contours. ◆ gold · ⬟ stone · ● berries · ✦ relic · ◌ wall gap
Your base· ✓ Closed at 15:48 · 0t walls · no gate
Yisaac's base· Open — opponent sealed themselves in
115slayer's base· ✓ Closed at 14:29 · 0t walls · no gate
CTM | KLIN's base· Open — unwalled flank
ITzMfMiyagi's base· ✓ Closed at 27:40 · 48t walls · 4 gate(s)
想当黄怡慈的狗,可我只是一只臭老鼠's base· Open — unwalled flank
Pinguica12's base· ✓ Closed at 23:53 · 2t walls · no gate
团团团子's base· Open — opponent sealed themselves in
Smoothed initial terrain · ◌ = detected wall gap · hover for details
Inputs per minute
— VNaif - - Yisaac
Build order — VNaif
First 150 of 653 actions detected
| 0:01 | Create | Villager (Male) |
| 0:02 | Create | Villager (Male) |
| 0:02 | Create | Villager (Male) |
| 0:02 | Create | Villager (Male) |
| 0:02 | Create | Villager (Male) |
| 0:04 | Build | House |
| 0:05 | Build | House |
| 1:08 | Create | Villager (Male) |
| 1:32 | Create | Villager (Male) |
| 1:53 | Create | Villager (Male) |
| 2:13 | Create | Villager (Male) |
| 2:34 | Build | House |
| 3:03 | Create | Villager (Male) |
| 3:10 | Build | House |
| 3:15 | Create | Villager (Male) |
| 3:33 | Create | Villager (Male) |
| 3:39 | Create | Villager (Male) |
| 3:50 | Build | House |
| 3:51 | Build | House |
| 3:58 | Create | Villager (Male) |
| 4:09 | Create | Villager (Male) |
| 4:25 | Create | Villager (Male) |
| 4:48 | Create | Villager (Male) |
| 5:17 | Build | Lumber Camp |
| 5:18 | Create | Villager (Male) |
| 5:40 | Create | Villager (Male) |
| 6:28 | Create | Villager (Male) |
| 6:49 | Create | Villager (Male) |
| 6:52 | Build | Mill |
| 7:16 | Create | Villager (Male) |
| 7:28 | Create | Villager (Male) |
| 7:35 | Build | Farm |
| 7:36 | Build | Farm |
| 7:38 | Create | Villager (Male) |
| 8:00 | Build | Farm |
| 8:03 | Build | Farm |
| 8:07 | Create | Villager (Male) |
| 8:28 | Build | Farm |
| 8:42 | Create | Villager (Male) |
| 8:57 | Build | Mining Camp |
| 9:22 | Create | Villager (Male) |
| 9:39 | Research | Feudal Age |
| 9:40 | Create | Villager (Male) |
| 9:41 | Create | Villager (Male) |
| 9:45 | Build | House |
| 11:42 | Build | House |
| 11:43 | Build | House |
| 11:49 | Build | Farm |
| 11:51 | Build | Farm |
| 12:11 | Age | Feudal Age |
| 12:16 | Build | Market |
| 12:20 | Build | Blacksmith |
| 12:25 | Build | Blacksmith |
| 12:31 | Build | Farm |
| 12:48 | Research | Double-Bit Axe |
| 12:54 | Research | Horse Collar |
| 12:54 | Research | Horse Collar |
| 13:08 | Research | Castle Age |
| 13:11 | Build | House |
| 13:47 | Build | Barracks |
| 14:34 | Build | Mill |
| 14:53 | Create | Villager (Male) |
| 14:53 | Create | Villager (Male) |
| 14:55 | Research | Loom |
| 15:48 | Age | Castle Age |
| 15:51 | Build | Town Center |
| 15:56 | Build | Town Center |
| 15:59 | Create | Villager (Male) |
| 15:59 | Create | Villager (Male) |
| 16:21 | Build | Town Center |
| 16:22 | Research | Bow Saw |
| 16:23 | Research | Heavy Plow |
| 16:24 | Create | Villager (Male) |
| 16:30 | Create | Trade Cart |
| 16:56 | Build | Farm |
| 17:04 | Create | Villager (Male) |
| 17:10 | Create | Villager (Male) |
| 17:10 | Create | Villager (Male) |
| 17:10 | Create | Villager (Male) |
| 17:18 | Research | Gold Mining |
| 17:23 | Create | Villager (Male) |
| 17:28 | Create | Trade Cart |
| 17:29 | Create | Trade Cart |
| 17:43 | Build | Farm |
| 17:53 | Create | Villager (Male) |
| 17:54 | Create | Villager (Male) |
| 17:56 | Create | Villager (Male) |
| 17:56 | Create | Villager (Male) |
| 17:57 | Create | Villager (Male) |
| 17:57 | Create | Villager (Male) |
| 18:03 | Build | House |
| 18:03 | Build | House |
| 18:10 | Build | Farm |
| 18:23 | Create | Villager (Male) |
| 18:25 | Build | Farm |
| 18:28 | Build | Farm |
| 18:41 | Build | Farm |
| 18:46 | Create | Villager (Male) |
| 18:50 | Create | Villager (Male) |
| 18:51 | Create | Villager (Male) |
| 18:56 | Create | Villager (Male) |
| 18:56 | Create | Villager (Male) |
| 18:58 | Build | Farm |
| 18:59 | Build | Farm |
| 19:06 | Build | Farm |
| 19:15 | Build | House |
| 19:16 | Build | House |
| 19:20 | Build | Farm |
| 19:24 | Create | Villager (Male) |
| 19:25 | Create | Villager (Male) |
| 19:25 | Create | Villager (Male) |
| 19:38 | Create | Villager (Male) |
| 19:38 | Create | Villager (Male) |
| 19:38 | Create | Villager (Male) |
| 19:40 | Build | House |
| 19:45 | Build | Farm |
| 19:49 | Create | Villager (Male) |
| 19:54 | Build | Farm |
| 19:55 | Build | Farm |
| 19:58 | Create | Villager (Male) |
| 19:59 | Create | Villager (Male) |
| 20:05 | Build | Farm |
| 20:06 | Create | Villager (Male) |
| 20:06 | Create | Villager (Male) |
| 20:08 | Build | Farm |
| 20:18 | Build | Farm |
| 20:26 | Create | Villager (Male) |
| 20:26 | Create | Villager (Male) |
| 20:26 | Create | Villager (Male) |
| 20:30 | Build | House |
| 20:31 | Create | Trade Cart |
| 20:38 | Create | Villager (Male) |
| 20:38 | Create | Villager (Male) |
| 20:49 | Create | Villager (Male) |
| 20:52 | Build | Farm |
| 20:57 | Create | Villager (Male) |
| 20:58 | Create | Villager (Male) |
| 21:00 | Build | Farm |
| 21:03 | Create | Villager (Male) |
| 21:10 | Build | Lumber Camp |
| 21:13 | Build | House |
| 21:13 | Build | House |
| 21:18 | Create | Villager (Male) |
| 21:24 | Create | Trade Cart |
| 21:27 | Create | Villager (Male) |
| 21:27 | Create | Villager (Male) |
| 21:27 | Create | Villager (Male) |
| 21:27 | Create | Villager (Male) |
| 21:51 | Create | Villager (Male) |
| 21:52 | Create | Villager (Male) |
Build order — Yisaac
First 150 of 569 actions detected
| 0:02 | Create | Villager (Male) |
| 0:02 | Create | Villager (Male) |
| 0:03 | Build | House |
| 0:04 | Build | House |
| 0:07 | Create | Villager (Male) |
| 0:08 | Create | Villager (Male) |
| 0:08 | Create | Villager (Male) |
| 1:25 | Create | Villager (Male) |
| 1:25 | Create | Villager (Male) |
| 1:48 | Build | Lumber Camp |
| 2:08 | Create | Villager (Male) |
| 2:08 | Create | Villager (Male) |
| 2:18 | Create | Villager (Male) |
| 2:19 | Create | Villager (Male) |
| 2:53 | Create | Villager (Male) |
| 2:53 | Create | Villager (Male) |
| 3:13 | Create | Villager (Male) |
| 3:13 | Create | Villager (Male) |
| 3:19 | Build | House |
| 3:41 | Create | Villager (Male) |
| 3:41 | Create | Villager (Male) |
| 3:55 | Create | Villager (Male) |
| 4:39 | Create | Villager (Male) |
| 5:05 | Create | Villager (Male) |
| 5:25 | Build | Mining Camp |
| 5:30 | Create | Villager (Male) |
| 6:21 | Research | Feudal Age |
| 6:21 | Research | Feudal Age |
| 7:00 | Build | House |
| 7:27 | Build | Barracks |
| 8:24 | Build | House |
| 8:31 | Age | Feudal Age |
| 8:33 | Create | Villager (Male) |
| 8:33 | Create | Villager (Male) |
| 8:38 | Build | Archery Range |
| 8:45 | Create | Spearman |
| 9:10 | Build | Archery Range |
| 9:11 | Create | Archer |
| 9:39 | Create | Villager (Male) |
| 9:39 | Create | Villager (Male) |
| 9:40 | Create | Archer |
| 9:53 | Create | Archer |
| 10:00 | Research | Loom |
| 10:12 | Build | House |
| 10:20 | Create | Archer |
| 10:21 | Create | Archer |
| 10:26 | Create | Villager (Male) |
| 10:39 | Create | Villager (Male) |
| 10:55 | Build | Blacksmith |
| 11:00 | Create | Villager (Male) |
| 11:12 | Create | Archer |
| 11:12 | Create | Archer |
| 11:27 | Create | Villager (Male) |
| 11:37 | Build | House |
| 11:54 | Create | Villager (Male) |
| 11:58 | Build | House |
| 11:59 | Build | Palisade Wall |
| 12:02 | Research | Fletching |
| 12:12 | Create | Villager (Male) |
| 12:26 | Create | Villager (Male) |
| 12:29 | Create | Archer |
| 12:29 | Create | Archer |
| 12:43 | Create | Villager (Male) |
| 12:47 | Build | Mill |
| 13:03 | Create | Villager (Male) |
| 13:15 | Create | Villager (Male) |
| 13:17 | Create | Archer |
| 13:17 | Create | Archer |
| 13:57 | Create | Villager (Male) |
| 14:21 | Create | Villager (Male) |
| 14:22 | Create | Villager (Male) |
| 14:26 | Build | Farm |
| 14:27 | Build | Farm |
| 14:27 | Build | Farm |
| 14:27 | Build | Farm |
| 14:27 | Build | Farm |
| 14:28 | Build | Farm |
| 14:28 | Build | Farm |
| 14:28 | Build | Farm |
| 14:49 | Build | Farm |
| 15:21 | Build | Farm |
| 15:22 | Create | Villager (Male) |
| 15:57 | Create | Villager (Male) |
| 15:59 | Create | Spearman |
| 15:59 | Create | Archer |
| 16:00 | Create | Archer |
| 16:00 | Create | Archer |
| 16:00 | Create | Archer |
| 16:06 | Create | Spearman |
| 16:16 | Build | Farm |
| 16:21 | Build | Farm |
| 16:25 | Create | Villager (Male) |
| 16:40 | Build | House |
| 16:42 | Research | Town Watch |
| 16:42 | Research | Town Watch |
| 17:18 | Build | Farm |
| 17:20 | Build | Farm |
| 17:28 | Create | Archer |
| 17:29 | Create | Archer |
| 17:43 | Build | House |
| 17:44 | Build | Palisade Wall |
| 17:49 | Create | Villager (Male) |
| 17:58 | Build | House |
| 18:21 | Build | Farm |
| 18:33 | Build | Farm |
| 18:59 | Research | Castle Age |
| 18:59 | Research | Castle Age |
| 18:59 | Research | Castle Age |
| 19:21 | Create | Archer |
| 19:22 | Create | Archer |
| 19:23 | Create | Archer |
| 19:28 | Create | Spearman |
| 19:31 | Research | Padded Archer Armor |
| 19:32 | Research | Padded Archer Armor |
| 20:14 | Build | House |
| 20:52 | Build | House |
| 21:03 | Create | Archer |
| 21:04 | Create | Archer |
| 21:12 | Create | Spearman |
| 21:39 | Age | Castle Age |
| 21:45 | Research | Crossbowman (upgrade) |
| 21:48 | Create | Villager (Male) |
| 21:53 | Build | Town Center |
| 22:17 | Research | Bodkin Arrow |
| 22:40 | Create | Villager (Male) |
| 22:41 | Create | Villager (Male) |
| 23:02 | Create | Villager (Male) |
| 23:02 | Create | Villager (Male) |
| 23:07 | Build | Town Center |
| 23:10 | Create | Villager (Male) |
| 23:11 | Create | Villager (Male) |
| 23:20 | Create | Villager (Male) |
| 23:20 | Create | Villager (Male) |
| 24:00 | Create | Villager (Male) |
| 24:47 | Create | Villager (Male) |
| 24:47 | Create | Villager (Male) |
| 24:47 | Create | Villager (Male) |
| 24:59 | Build | Market |
| 25:04 | Create | Villager (Male) |
| 25:05 | Create | Villager (Male) |
| 25:05 | Create | Villager (Male) |
| 25:33 | Build | Lumber Camp |
| 25:35 | Research | Double-Bit Axe |
| 25:36 | Research | Double-Bit Axe |
| 25:36 | Research | Double-Bit Axe |
| 25:51 | Build | Town Center |
| 26:05 | Research | Horse Collar |
| 26:05 | Research | Horse Collar |
| 26:07 | Create | Villager (Male) |
| 26:07 | Create | Villager (Male) |
Build order — 115slayer
First 150 of 681 actions detected
| 0:00 | Create | Villager (Male) |
| 0:01 | Create | Villager (Male) |
| 0:01 | Create | Villager (Male) |
| 0:02 | Build | House |
| 0:03 | Build | House |
| 0:06 | Create | Villager (Male) |
| 1:24 | Create | Villager (Male) |
| 2:01 | Create | Villager (Male) |
| 2:07 | Build | Lumber Camp |
| 2:19 | Create | Villager (Male) |
| 2:48 | Create | Villager (Male) |
| 3:14 | Create | Villager (Male) |
| 3:15 | Create | Villager (Male) |
| 3:15 | Create | Villager (Male) |
| 3:56 | Build | House |
| 3:57 | Build | House |
| 4:01 | Build | House |
| 4:04 | Build | House |
| 4:09 | Build | House |
| 4:10 | Build | House |
| 4:11 | Create | Villager (Male) |
| 4:12 | Create | Villager (Male) |
| 4:12 | Create | Villager (Male) |
| 4:52 | Create | Villager (Male) |
| 4:52 | Create | Villager (Male) |
| 5:18 | Create | Villager (Male) |
| 5:27 | Build | Mill |
| 5:45 | Create | Villager (Male) |
| 5:54 | Create | Villager (Male) |
| 5:59 | Create | Villager (Male) |
| 6:56 | Create | Villager (Male) |
| 7:20 | Create | Villager (Male) |
| 7:37 | Build | Lumber Camp |
| 7:44 | Create | Villager (Male) |
| 7:44 | Create | Villager (Male) |
| 7:50 | Create | Villager (Male) |
| 7:50 | Create | Villager (Male) |
| 7:50 | Create | Villager (Male) |
| 7:53 | Create | Villager (Male) |
| 8:03 | Create | Villager (Male) |
| 8:29 | Build | Mining Camp |
| 8:39 | Build | Farm |
| 8:41 | Build | Farm |
| 8:43 | Build | Farm |
| 8:48 | Research | Feudal Age |
| 9:32 | Create | Villager (Male) |
| 9:51 | Create | Villager (Male) |
| 10:58 | Age | Feudal Age |
| 11:01 | Build | Market |
| 11:05 | Build | Blacksmith |
| 11:09 | Research | Double-Bit Axe |
| 11:49 | Research | Castle Age |
| 12:07 | Research | Horse Collar |
| 12:11 | Build | Farm |
| 12:13 | Build | Farm |
| 12:15 | Build | Farm |
| 12:45 | Create | Villager (Male) |
| 13:21 | Create | Villager (Male) |
| 13:31 | Create | Villager (Male) |
| 14:29 | Age | Castle Age |
| 14:32 | Build | Town Center |
| 14:46 | Build | Town Center |
| 14:53 | Build | Town Center |
| 15:02 | Build | Town Center |
| 15:11 | Research | Bow Saw |
| 15:13 | Research | Heavy Plow |
| 15:21 | Build | Farm |
| 15:42 | Create | Villager (Male) |
| 15:44 | Research | Wheelbarrow |
| 15:57 | Research | Wheelbarrow |
| 16:13 | Create | Villager (Male) |
| 16:27 | Build | Town Center |
| 16:31 | Create | Villager (Male) |
| 16:43 | Build | Farm |
| 16:44 | Build | Farm |
| 16:46 | Create | Villager (Male) |
| 16:50 | Create | Villager (Male) |
| 16:58 | Build | Farm |
| 17:04 | Create | Villager (Male) |
| 17:08 | Build | Farm |
| 17:14 | Create | Villager (Male) |
| 17:21 | Build | Farm |
| 17:23 | Create | Villager (Male) |
| 17:27 | Create | Villager (Male) |
| 17:34 | Build | Farm |
| 17:41 | Create | Villager (Male) |
| 17:43 | Build | Farm |
| 17:52 | Build | Farm |
| 17:54 | Build | Farm |
| 17:54 | Create | Villager (Male) |
| 17:57 | Build | Farm |
| 18:01 | Create | Villager (Male) |
| 18:12 | Build | Farm |
| 18:16 | Build | Farm |
| 18:16 | Create | Villager (Male) |
| 18:17 | Create | Villager (Male) |
| 18:25 | Build | Farm |
| 18:31 | Build | Farm |
| 18:37 | Build | House |
| 18:45 | Build | Farm |
| 18:46 | Create | Villager (Male) |
| 18:47 | Create | Villager (Male) |
| 18:50 | Create | Villager (Male) |
| 18:54 | Build | Farm |
| 19:05 | Create | Villager (Male) |
| 19:05 | Create | Villager (Male) |
| 19:09 | Build | House |
| 19:10 | Build | House |
| 19:11 | Build | House |
| 19:12 | Build | House |
| 19:16 | Create | Villager (Male) |
| 19:16 | Create | Villager (Male) |
| 19:19 | Build | Farm |
| 19:21 | Build | Farm |
| 19:24 | Create | Villager (Male) |
| 19:25 | Create | Villager (Male) |
| 19:35 | Build | Farm |
| 19:37 | Build | Farm |
| 19:37 | Create | Villager (Male) |
| 19:38 | Create | Villager (Male) |
| 19:47 | Build | Farm |
| 19:48 | Create | Villager (Male) |
| 19:52 | Build | Lumber Camp |
| 19:52 | Create | Villager (Male) |
| 20:02 | Create | Villager (Male) |
| 20:05 | Build | Farm |
| 20:05 | Create | Villager (Male) |
| 20:10 | Create | Villager (Male) |
| 20:17 | Build | Farm |
| 20:19 | Build | Farm |
| 20:22 | Build | Farm |
| 20:26 | Create | Villager (Male) |
| 20:26 | Create | Villager (Male) |
| 20:27 | Create | Villager (Male) |
| 20:30 | Build | Mill |
| 20:34 | Build | Farm |
| 20:36 | Create | Villager (Male) |
| 20:43 | Build | Farm |
| 20:45 | Create | Villager (Male) |
| 20:45 | Create | Villager (Male) |
| 20:48 | Build | House |
| 20:49 | Build | House |
| 20:50 | Build | House |
| 20:51 | Build | House |
| 20:56 | Build | House |
| 20:58 | Create | Villager (Male) |
| 20:58 | Create | Villager (Male) |
| 21:03 | Build | Farm |
| 21:04 | Create | Villager (Male) |
| 21:04 | Create | Villager (Male) |
Build order — CTM | KLIN
First 150 of 504 actions detected
| 0:04 | Build | House |
| 0:05 | Create | Villager (Male) |
| 0:05 | Create | Villager (Male) |
| 0:06 | Build | House |
| 0:07 | Create | Villager (Male) |
| 0:22 | Create | Villager (Male) |
| 1:37 | Create | Villager (Male) |
| 1:37 | Create | Villager (Male) |
| 1:51 | Build | Lumber Camp |
| 2:14 | Create | Villager (Male) |
| 2:14 | Create | Villager (Male) |
| 2:32 | Create | Villager (Male) |
| 2:32 | Create | Villager (Male) |
| 2:46 | Build | House |
| 2:47 | Build | House |
| 2:58 | Create | Villager (Male) |
| 2:59 | Create | Villager (Male) |
| 3:43 | Create | Villager (Male) |
| 3:43 | Create | Villager (Male) |
| 3:54 | Create | Villager (Male) |
| 4:36 | Create | Villager (Male) |
| 4:37 | Create | Villager (Male) |
| 4:59 | Create | Villager (Male) |
| 5:25 | Create | Villager (Male) |
| 5:37 | Build | Mill |
| 6:08 | Create | Villager (Male) |
| 6:41 | Create | Villager (Male) |
| 6:57 | Create | Villager (Male) |
| 6:57 | Create | Villager (Male) |
| 7:19 | Create | Villager (Male) |
| 7:43 | Create | Villager (Male) |
| 7:45 | Build | Mining Camp |
| 8:35 | Research | Feudal Age |
| 11:00 | Build | House |
| 11:01 | Build | House |
| 11:04 | Age | Feudal Age |
| 11:06 | Research | Castle Age |
| 11:25 | Research | Double-Bit Axe |
| 12:24 | Research | Horse Collar |
| 12:38 | Build | Farm |
| 12:39 | Build | Farm |
| 12:54 | Build | Farm |
| 12:55 | Build | Farm |
| 12:55 | Build | Farm |
| 13:30 | Create | Villager (Male) |
| 13:46 | Age | Castle Age |
| 13:51 | Build | Town Center |
| 13:59 | Create | Villager (Male) |
| 14:01 | Create | Villager (Male) |
| 14:18 | Create | Villager (Male) |
| 14:21 | Build | Farm |
| 14:24 | Research | Bow Saw |
| 14:59 | Create | Villager (Male) |
| 15:04 | Build | Farm |
| 15:05 | Build | Farm |
| 15:06 | Build | Farm |
| 15:07 | Build | Farm |
| 15:11 | Build | Farm |
| 15:13 | Create | Villager (Male) |
| 15:14 | Create | Villager (Male) |
| 15:23 | Create | Villager (Male) |
| 15:26 | Build | House |
| 15:27 | Build | House |
| 15:43 | Create | Villager (Male) |
| 15:43 | Create | Villager (Male) |
| 15:49 | Build | Farm |
| 15:55 | Build | Farm |
| 15:58 | Create | Villager (Male) |
| 15:59 | Create | Villager (Male) |
| 16:16 | Create | Villager (Male) |
| 16:16 | Create | Villager (Male) |
| 16:18 | Create | Villager (Male) |
| 16:18 | Create | Villager (Male) |
| 16:30 | Research | Loom |
| 16:32 | Create | Villager (Male) |
| 16:32 | Create | Villager (Male) |
| 16:41 | Build | Town Center |
| 16:49 | Create | Villager (Male) |
| 16:51 | Create | Villager (Male) |
| 17:01 | Create | Villager (Male) |
| 17:07 | Build | Farm |
| 17:12 | Build | Farm |
| 17:14 | Create | Villager (Male) |
| 17:22 | Build | Farm |
| 17:34 | Create | Villager (Male) |
| 17:41 | Create | Villager (Male) |
| 17:50 | Build | Farm |
| 17:51 | Build | Farm |
| 17:53 | Build | Farm |
| 17:55 | Build | Farm |
| 17:57 | Create | Villager (Male) |
| 17:58 | Create | Villager (Male) |
| 18:06 | Create | Villager (Male) |
| 18:14 | Create | Villager (Male) |
| 18:14 | Create | Villager (Male) |
| 18:25 | Create | Villager (Male) |
| 18:25 | Create | Villager (Male) |
| 18:32 | Build | Farm |
| 18:34 | Build | Farm |
| 18:36 | Create | Villager (Male) |
| 18:36 | Create | Villager (Male) |
| 18:44 | Create | Villager (Male) |
| 18:44 | Create | Villager (Male) |
| 18:49 | Create | Villager (Male) |
| 18:59 | Build | Stable |
| 19:07 | Create | Villager (Male) |
| 19:09 | Build | House |
| 19:12 | Build | House |
| 19:12 | Build | House |
| 19:15 | Create | Villager (Male) |
| 19:20 | Create | Villager (Male) |
| 19:24 | Create | Villager (Male) |
| 19:45 | Create | Villager (Male) |
| 19:52 | Create | Knight |
| 19:54 | Create | Knight |
| 19:56 | Create | Villager (Male) |
| 19:57 | Create | Villager (Male) |
| 20:13 | Build | Town Center |
| 20:16 | Create | Villager (Male) |
| 20:21 | Create | Villager (Male) |
| 20:24 | Create | Knight |
| 20:31 | Create | Villager (Male) |
| 20:32 | Create | Villager (Male) |
| 20:44 | Create | Villager (Male) |
| 20:44 | Create | Villager (Male) |
| 20:46 | Build | Mining Camp |
| 20:50 | Create | Villager (Male) |
| 20:50 | Create | Villager (Male) |
| 20:55 | Build | House |
| 20:57 | Build | House |
| 20:59 | Build | House |
| 20:59 | Build | House |
| 21:18 | Research | Husbandry |
| 21:23 | Create | Knight |
| 21:25 | Create | Villager (Male) |
| 21:25 | Create | Villager (Male) |
| 21:27 | Build | Stable |
| 21:33 | Create | Villager (Male) |
| 21:37 | Build | Farm |
| 21:38 | Build | Farm |
| 21:38 | Build | Farm |
| 21:38 | Build | Farm |
| 21:38 | Build | Farm |
| 21:39 | Build | Farm |
| 21:39 | Build | Farm |
| 21:39 | Build | Farm |
| 21:40 | Build | Farm |
| 21:42 | Create | Villager (Male) |
| 21:53 | Create | Knight |
| 21:53 | Create | Knight |
Build order — ITzMfMiyagi
First 150 of 766 actions detected
| 0:01 | Create | Villager (Male) |
| 0:02 | Build | House |
| 0:03 | Build | House |
| 0:11 | Create | Villager (Male) |
| 0:20 | Create | Villager (Male) |
| 0:26 | Create | Villager (Male) |
| 1:22 | Create | Villager (Male) |
| 2:00 | Create | Villager (Male) |
| 2:11 | Create | Villager (Male) |
| 2:13 | Build | Lumber Camp |
| 2:46 | Create | Villager (Male) |
| 2:57 | Create | Villager (Male) |
| 3:51 | Create | Villager (Male) |
| 3:51 | Create | Villager (Male) |
| 4:01 | Build | House |
| 4:02 | Build | House |
| 4:10 | Create | Villager (Male) |
| 5:01 | Create | Villager (Male) |
| 5:11 | Create | Villager (Male) |
| 5:25 | Build | Mill |
| 5:48 | Create | Villager (Male) |
| 5:50 | Create | Villager (Male) |
| 6:29 | Create | Villager (Male) |
| 6:43 | Create | Villager (Male) |
| 7:00 | Create | Villager (Male) |
| 7:03 | Create | Villager (Male) |
| 7:12 | Create | Villager (Male) |
| 8:05 | Build | Mining Camp |
| 8:10 | Research | Feudal Age |
| 9:34 | Research | Loom |
| 10:21 | Create | Villager (Male) |
| 10:24 | Build | Barracks |
| 10:27 | Build | House |
| 10:36 | Age | Feudal Age |
| 10:45 | Create | Villager (Male) |
| 10:49 | Research | Horse Collar |
| 10:50 | Research | Double-Bit Axe |
| 11:08 | Build | Farm |
| 11:13 | Build | Farm |
| 11:20 | Create | Spearman |
| 11:22 | Build | Archery Range |
| 11:27 | Create | Spearman |
| 11:52 | Create | Spearman |
| 11:52 | Create | Villager (Male) |
| 11:54 | Build | Farm |
| 11:56 | Build | Farm |
| 12:01 | Build | House |
| 12:05 | Build | Palisade Gate |
| 12:06 | Build | House |
| 12:15 | Create | Skirmisher |
| 12:19 | Create | Villager (Male) |
| 12:23 | Build | House |
| 12:29 | Build | Farm |
| 12:54 | Create | Villager (Male) |
| 12:54 | Create | Skirmisher |
| 13:01 | Create | Skirmisher |
| 13:11 | Create | Villager (Male) |
| 13:27 | Build | Blacksmith |
| 13:55 | Create | Skirmisher |
| 13:55 | Create | Skirmisher |
| 13:56 | Create | Spearman |
| 13:56 | Create | Spearman |
| 14:07 | Create | Spearman |
| 14:08 | Create | Spearman |
| 14:16 | Create | Skirmisher |
| 14:34 | Create | Skirmisher |
| 14:43 | Create | Skirmisher |
| 14:44 | Create | Villager (Male) |
| 14:59 | Create | Skirmisher |
| 15:00 | Create | Villager (Male) |
| 15:03 | Create | Villager (Male) |
| 15:19 | Create | Villager (Male) |
| 15:27 | Build | Archery Range |
| 15:30 | Research | Fletching |
| 15:31 | Create | Skirmisher |
| 15:32 | Create | Spearman |
| 15:38 | Create | Spearman |
| 15:40 | Create | Skirmisher |
| 15:41 | Create | Villager (Male) |
| 15:56 | Build | Barracks |
| 16:02 | Create | Spearman |
| 16:05 | Research | Scale Mail Armor |
| 16:08 | Create | Skirmisher |
| 16:09 | Create | Villager (Male) |
| 16:17 | Build | House |
| 16:17 | Build | House |
| 16:18 | Build | House |
| 16:22 | Create | Villager (Male) |
| 16:27 | Build | Lumber Camp |
| 16:38 | Create | Skirmisher |
| 16:39 | Create | Spearman |
| 17:08 | Create | Skirmisher |
| 17:19 | Create | Skirmisher |
| 17:20 | Create | Spearman |
| 17:21 | Create | Spearman |
| 17:36 | Create | Villager (Male) |
| 17:50 | Build | Stone Wall |
| 17:56 | Build | Stone Wall |
| 18:01 | Create | Spearman |
| 18:02 | Create | Spearman |
| 18:03 | Create | Skirmisher |
| 18:03 | Create | Skirmisher |
| 18:04 | Create | Villager (Male) |
| 18:12 | Create | Villager (Male) |
| 18:13 | Create | Villager (Male) |
| 18:16 | Build | Mining Camp |
| 18:26 | Create | Villager (Male) |
| 18:29 | Build | Farm |
| 18:29 | Build | Farm |
| 18:29 | Build | Farm |
| 18:30 | Build | Farm |
| 18:30 | Build | Farm |
| 18:30 | Build | Farm |
| 18:41 | Create | Villager (Male) |
| 18:48 | Create | Spearman |
| 18:48 | Create | Spearman |
| 18:48 | Create | Spearman |
| 18:54 | Build | House |
| 18:59 | Build | House |
| 19:00 | Build | House |
| 19:27 | Build | Stone Wall |
| 19:34 | Create | Skirmisher |
| 19:34 | Create | Skirmisher |
| 19:34 | Create | Skirmisher |
| 19:34 | Create | Skirmisher |
| 19:36 | Create | Spearman |
| 19:36 | Create | Spearman |
| 20:02 | Create | Villager (Male) |
| 20:27 | Create | Skirmisher |
| 20:27 | Create | Skirmisher |
| 20:29 | Create | Villager (Male) |
| 20:30 | Create | Villager (Male) |
| 20:56 | Build | Stone Wall |
| 21:13 | Create | Villager (Male) |
| 21:35 | Create | Spearman |
| 21:35 | Create | Spearman |
| 21:36 | Create | Skirmisher |
| 22:01 | Create | Spearman |
| 22:01 | Create | Spearman |
| 22:03 | Create | Villager (Male) |
| 22:08 | Build | Farm |
| 22:09 | Build | Farm |
| 22:09 | Build | Farm |
| 22:09 | Build | Farm |
| 22:09 | Build | Farm |
| 22:09 | Build | Farm |
| 22:10 | Build | Farm |
| 22:10 | Build | Farm |
| 22:10 | Build | Farm |
| 22:16 | Create | Skirmisher |
Build order — 想当黄怡慈的狗,可我只是一只臭老鼠
First 150 of 779 actions detected
| 0:02 | Create | Villager (Male) |
| 0:02 | Create | Villager (Male) |
| 0:03 | Create | Villager (Male) |
| 0:03 | Create | Villager (Male) |
| 0:05 | Build | House |
| 0:07 | Build | House |
| 1:26 | Create | Villager (Male) |
| 2:06 | Create | Villager (Male) |
| 2:21 | Create | Villager (Male) |
| 2:23 | Build | Lumber Camp |
| 3:00 | Create | Villager (Male) |
| 3:08 | Create | Villager (Male) |
| 3:39 | Create | Villager (Male) |
| 4:03 | Create | Villager (Male) |
| 4:03 | Create | Villager (Male) |
| 4:03 | Create | Villager (Male) |
| 4:10 | Build | House |
| 4:12 | Build | House |
| 4:13 | Build | House |
| 4:19 | Create | Villager (Male) |
| 5:06 | Create | Villager (Male) |
| 5:06 | Create | Villager (Male) |
| 5:31 | Build | Mill |
| 5:52 | Create | Villager (Male) |
| 6:22 | Create | Villager (Male) |
| 6:41 | Build | House |
| 6:43 | Build | House |
| 7:02 | Create | Villager (Male) |
| 7:13 | Create | Villager (Male) |
| 7:29 | Build | Mining Camp |
| 7:57 | Research | Feudal Age |
| 8:38 | Create | Villager (Male) |
| 8:39 | Create | Villager (Male) |
| 10:10 | Age | Feudal Age |
| 10:20 | Build | Market |
| 10:34 | Build | Blacksmith |
| 11:35 | Research | Castle Age |
| 11:35 | Research | Castle Age |
| 12:19 | Research | Double-Bit Axe |
| 12:32 | Research | Horse Collar |
| 12:32 | Research | Horse Collar |
| 13:08 | Build | Farm |
| 13:09 | Build | Farm |
| 13:10 | Build | Farm |
| 14:03 | Create | Villager (Male) |
| 14:15 | Age | Castle Age |
| 14:22 | Build | Town Center |
| 14:25 | Create | Villager (Male) |
| 14:28 | Build | Town Center |
| 14:47 | Create | Villager (Male) |
| 14:58 | Research | Heavy Plow |
| 15:33 | Build | Farm |
| 15:41 | Build | Farm |
| 15:42 | Create | Villager (Male) |
| 15:44 | Create | Villager (Male) |
| 15:45 | Create | Villager (Male) |
| 15:56 | Create | Villager (Male) |
| 15:57 | Create | Villager (Male) |
| 15:57 | Create | Villager (Male) |
| 15:58 | Create | Villager (Male) |
| 16:19 | Build | Monastery |
| 16:22 | Create | Villager (Male) |
| 16:22 | Create | Villager (Male) |
| 16:25 | Build | House |
| 16:37 | Build | Farm |
| 16:52 | Create | Monk |
| 16:53 | Create | Villager (Male) |
| 16:54 | Create | Villager (Male) |
| 16:58 | Create | Villager (Male) |
| 16:58 | Create | Villager (Male) |
| 17:03 | Build | Farm |
| 17:26 | Build | Mill |
| 17:30 | Create | Villager (Male) |
| 17:30 | Create | Villager (Male) |
| 17:30 | Create | Villager (Male) |
| 17:58 | Build | Farm |
| 17:59 | Build | Farm |
| 18:03 | Build | Farm |
| 18:04 | Create | Villager (Male) |
| 18:04 | Create | Villager (Male) |
| 18:07 | Build | Farm |
| 18:11 | Build | Farm |
| 18:12 | Build | Farm |
| 18:15 | Build | Farm |
| 18:18 | Create | Villager (Male) |
| 18:26 | Create | Villager (Male) |
| 18:26 | Create | Villager (Male) |
| 18:27 | Create | Villager (Male) |
| 18:28 | Create | Monk |
| 18:30 | Create | Villager (Male) |
| 18:31 | Create | Villager (Male) |
| 18:35 | Create | Villager (Male) |
| 18:52 | Build | House |
| 18:53 | Build | House |
| 18:54 | Create | Villager (Male) |
| 18:54 | Create | Villager (Male) |
| 18:54 | Create | Villager (Male) |
| 19:13 | Create | Villager (Male) |
| 19:13 | Create | Villager (Male) |
| 19:14 | Create | Villager (Male) |
| 19:20 | Create | Villager (Male) |
| 19:28 | Build | Mill |
| 19:30 | Create | Villager (Male) |
| 19:36 | Build | Farm |
| 19:38 | Build | Farm |
| 19:39 | Create | Villager (Male) |
| 19:40 | Create | Villager (Male) |
| 19:48 | Build | Mill |
| 20:00 | Build | Mill |
| 20:03 | Create | Villager (Male) |
| 20:03 | Create | Villager (Male) |
| 20:03 | Create | Villager (Male) |
| 20:07 | Create | Villager (Male) |
| 20:11 | Build | House |
| 20:13 | Create | Villager (Male) |
| 20:13 | Create | Villager (Male) |
| 20:14 | Create | Villager (Male) |
| 20:14 | Create | Villager (Male) |
| 20:26 | Build | Town Center |
| 20:40 | Create | Villager (Male) |
| 20:40 | Create | Villager (Male) |
| 20:40 | Create | Villager (Male) |
| 20:47 | Build | Farm |
| 20:48 | Build | Farm |
| 20:49 | Build | Farm |
| 20:50 | Build | Farm |
| 20:51 | Build | Farm |
| 20:56 | Research | Loom |
| 20:58 | Create | Villager (Male) |
| 20:58 | Create | Villager (Male) |
| 20:59 | Create | Villager (Male) |
| 21:10 | Build | Farm |
| 21:11 | Create | Villager (Male) |
| 21:15 | Create | Villager (Male) |
| 21:15 | Create | Villager (Male) |
| 21:20 | Build | Lumber Camp |
| 21:28 | Build | House |
| 21:29 | Build | House |
| 21:38 | Research | Bow Saw |
| 21:39 | Research | Bow Saw |
| 21:40 | Create | Villager (Male) |
| 21:40 | Create | Villager (Male) |
| 21:40 | Create | Villager (Male) |
| 21:41 | Create | Villager (Male) |
| 21:41 | Create | Villager (Male) |
| 21:50 | Create | Villager (Male) |
| 21:50 | Create | Villager (Male) |
| 21:56 | Build | Farm |
| 21:58 | Create | Villager (Male) |
| 22:03 | Create | Monk |
Build order — Pinguica12
First 150 of 572 actions detected
| 0:03 | Create | Villager (Male) ×4 |
| 0:04 | Build | House |
| 0:05 | Build | House |
| 1:37 | Create | Villager (Male) |
| 1:57 | Create | Villager (Male) |
| 2:00 | Build | Lumber Camp |
| 2:15 | Create | Villager (Male) |
| 2:47 | Create | Villager (Male) |
| 2:55 | Create | Villager (Male) |
| 2:56 | Create | Villager (Male) |
| 3:13 | Create | Villager (Male) |
| 3:13 | Create | Villager (Male) |
| 3:46 | Create | Villager (Male) |
| 3:47 | Create | Villager (Male) |
| 3:53 | Build | House |
| 4:41 | Create | Villager (Male) |
| 4:41 | Create | Villager (Male) |
| 4:42 | Create | Villager (Male) |
| 4:58 | Create | Villager (Male) |
| 5:34 | Research | Loom |
| 5:41 | Build | Mill |
| 5:49 | Create | Villager (Male) |
| 5:50 | Research | Loom |
| 6:19 | Research | Feudal Age |
| 6:20 | Research | Feudal Age |
| 6:20 | Research | Loom |
| 7:43 | Build | Barracks |
| 8:19 | Create | Villager (Male) |
| 8:19 | Create | Villager (Male) |
| 8:30 | Age | Feudal Age |
| 9:11 | Create | Villager (Male) |
| 9:35 | Research | Double-Bit Axe |
| 9:47 | Research | Town Watch |
| 9:51 | Build | House |
| 10:04 | Create | Villager (Male) |
| 10:25 | Research | Horse Collar |
| 10:28 | Build | Farm |
| 10:31 | Build | Farm |
| 10:31 | Create | Villager (Male) |
| 10:36 | Build | Stable |
| 10:42 | Create | Spearman |
| 10:47 | Build | Farm |
| 10:54 | Create | Villager (Male) |
| 11:03 | Build | Farm |
| 11:26 | Build | House |
| 11:27 | Create | Villager (Male) |
| 11:32 | Build | House |
| 11:36 | Create | Scout Cavalry |
| 11:36 | Create | Scout Cavalry |
| 11:53 | Create | Villager (Male) |
| 11:57 | Create | Scout Cavalry |
| 12:01 | Build | House |
| 12:24 | Create | Scout Cavalry |
| 12:25 | Create | Villager (Male) |
| 12:25 | Create | Villager (Male) |
| 12:52 | Create | Scout Cavalry |
| 12:52 | Create | Villager (Male) |
| 12:57 | Build | House |
| 13:03 | Create | Villager (Male) |
| 13:07 | Build | Farm |
| 13:09 | Build | Farm |
| 13:13 | Build | Farm |
| 13:28 | Build | Blacksmith |
| 13:47 | Create | Scout Cavalry |
| 13:47 | Create | Villager (Male) |
| 13:55 | Create | Spearman |
| 13:57 | Create | Villager (Male) |
| 14:14 | Research | Forging |
| 14:18 | Build | House |
| 14:24 | Build | House |
| 14:28 | Build | Palisade Wall |
| 14:29 | Build | Palisade Wall |
| 14:39 | Create | Scout Cavalry |
| 14:45 | Create | Villager (Male) |
| 14:49 | Build | Farm |
| 14:51 | Build | House |
| 15:03 | Create | Scout Cavalry |
| 15:04 | Create | Villager (Male) |
| 15:07 | Build | Farm |
| 15:13 | Research | Scale Barding Armor |
| 15:27 | Create | Scout Cavalry |
| 15:30 | Create | Villager (Male) |
| 15:32 | Build | Farm |
| 15:34 | Build | Farm |
| 15:37 | Build | Farm |
| 15:52 | Create | Villager (Male) |
| 16:03 | Create | Scout Cavalry |
| 16:15 | Create | Scout Cavalry |
| 16:15 | Create | Villager (Male) |
| 16:19 | Build | Lumber Camp |
| 16:35 | Create | Scout Cavalry |
| 16:40 | Create | Villager (Male) |
| 17:14 | Create | Scout Cavalry |
| 17:15 | Create | Villager (Male) |
| 17:17 | Create | Villager (Male) |
| 17:22 | Build | Mining Camp |
| 17:24 | Build | Farm |
| 17:25 | Build | Farm |
| 17:28 | Build | Farm |
| 17:55 | Build | Farm |
| 17:59 | Research | Wheelbarrow |
| 18:17 | Research | Bloodlines |
| 18:31 | Build | Farm |
| 18:33 | Build | Farm |
| 18:36 | Build | Farm |
| 18:47 | Create | Scout Cavalry |
| 18:50 | Create | Villager (Male) |
| 19:13 | Build | Farm |
| 19:15 | Build | Farm |
| 19:18 | Create | Villager (Male) |
| 19:36 | Create | Scout Cavalry |
| 19:58 | Build | Farm |
| 20:42 | Create | Villager (Male) |
| 20:43 | Create | Villager (Male) |
| 21:13 | Research | Castle Age |
| 21:15 | Build | Farm |
| 21:23 | Research | Gold Mining |
| 23:45 | Build | Market |
| 23:53 | Create | Villager (Male) |
| 23:53 | Create | Villager (Male) |
| 23:53 | Age | Castle Age |
| 24:02 | Build | Town Center |
| 24:12 | Build | Town Center |
| 24:19 | Create | Steppe Lancer |
| 24:20 | Create | Steppe Lancer |
| 24:21 | Create | Villager (Male) |
| 24:36 | Research | Chain Barding Armor |
| 24:37 | Research | Iron Casting |
| 24:48 | Build | Stable |
| 24:55 | Research | Husbandry |
| 24:56 | Create | Steppe Lancer |
| 24:58 | Create | Villager (Male) |
| 25:07 | Create | Villager (Male) |
| 25:23 | Create | Villager (Male) |
| 25:24 | Create | Villager (Male) |
| 25:34 | Create | Steppe Lancer |
| 25:37 | Create | Steppe Lancer |
| 25:38 | Create | Villager (Male) |
| 25:48 | Create | Villager (Male) |
| 26:05 | Create | Villager (Male) |
| 26:06 | Create | Villager (Male) |
| 26:26 | Build | Town Center |
| 26:29 | Create | Steppe Lancer |
| 26:29 | Create | Steppe Lancer |
| 26:30 | Create | Villager (Male) |
| 26:30 | Create | Villager (Male) |
| 26:36 | Create | Villager (Male) |
| 26:36 | Create | Villager (Male) |
| 26:37 | Create | Steppe Lancer |
| 26:37 | Create | Steppe Lancer |
Build order — 团团团子
First 150 of 412 actions detected
| 0:01 | Create | Villager (Male) |
| 0:02 | Create | Villager (Male) |
| 0:04 | Build | House |
| 0:07 | Build | House |
| 0:08 | Create | Villager (Male) ×2 |
| 1:29 | Create | Villager (Male) |
| 1:50 | Build | Lumber Camp |
| 2:03 | Build | Lumber Camp |
| 2:06 | Create | Villager (Male) |
| 2:06 | Create | Villager (Male) |
| 2:18 | Create | Villager (Male) |
| 2:18 | Create | Villager (Male) |
| 3:03 | Create | Villager (Male) |
| 3:08 | Create | Villager (Male) |
| 3:33 | Create | Villager (Male) |
| 3:33 | Create | Villager (Male) |
| 3:43 | Build | House |
| 3:45 | Build | House |
| 4:14 | Create | Villager (Male) |
| 4:39 | Create | Villager (Male) |
| 4:39 | Create | Villager (Male) |
| 4:39 | Create | Villager (Male) |
| 4:43 | Create | Villager (Male) |
| 4:44 | Create | Villager (Male) |
| 4:44 | Create | Villager (Male) |
| 5:44 | Create | Villager (Male) |
| 5:44 | Create | Villager (Male) |
| 6:05 | Build | Mill |
| 6:20 | Create | Villager (Male) |
| 7:12 | Research | Feudal Age |
| 7:13 | Research | Feudal Age |
| 8:24 | Build | Barracks |
| 8:27 | Build | Palisade Wall |
| 8:32 | Create | Villager (Male) |
| 9:20 | Create | Villager (Male) |
| 9:23 | Age | Feudal Age |
| 9:28 | Build | Stable |
| 9:34 | Build | Palisade Gate |
| 9:37 | Build | House |
| 9:39 | Build | Palisade Wall |
| 9:51 | Research | Double-Bit Axe |
| 9:51 | Research | Double-Bit Axe |
| 10:04 | Create | Villager (Male) |
| 10:11 | Research | Horse Collar |
| 10:11 | Create | Scout Cavalry |
| 10:14 | Create | Scout Cavalry |
| 10:23 | Build | House |
| 10:35 | Create | Villager (Male) |
| 10:38 | Build | Farm |
| 10:44 | Create | Scout Cavalry |
| 10:54 | Create | Villager (Male) |
| 11:00 | Build | Farm |
| 11:04 | Build | House |
| 11:11 | Create | Villager (Male) |
| 11:20 | Create | Scout Cavalry |
| 11:29 | Create | Villager (Male) |
| 11:37 | Build | Farm |
| 11:43 | Build | Farm |
| 11:45 | Build | Farm |
| 11:59 | Create | Scout Cavalry |
| 12:12 | Create | Villager (Male) |
| 12:24 | Build | Farm |
| 12:29 | Build | Mining Camp |
| 12:37 | Create | Villager (Male) |
| 12:39 | Research | Bloodlines |
| 13:07 | Build | Farm |
| 13:08 | Build | Farm |
| 13:16 | Create | Villager (Male) |
| 13:52 | Create | Villager (Male) |
| 14:10 | Create | Scout Cavalry |
| 14:11 | Create | Villager (Male) |
| 14:16 | Build | Market |
| 14:20 | Build | Farm |
| 14:21 | Build | Farm |
| 14:23 | Build | Farm |
| 14:24 | Build | Farm |
| 14:50 | Create | Villager (Male) |
| 15:01 | Research | Wheelbarrow |
| 15:04 | Build | Farm |
| 15:07 | Build | Farm |
| 15:28 | Create | Villager (Male) |
| 15:32 | Build | House |
| 15:34 | Build | House |
| 15:38 | Build | House |
| 15:39 | Build | House |
| 15:55 | Create | Scout Cavalry |
| 16:00 | Create | Scout Cavalry |
| 16:02 | Create | Villager (Male) |
| 16:28 | Create | Scout Cavalry |
| 17:21 | Research | Castle Age |
| 17:21 | Research | Castle Age |
| 17:24 | Create | Scout Cavalry |
| 17:49 | Build | Blacksmith |
| 17:53 | Build | Palisade Gate |
| 17:57 | Create | Scout Cavalry |
| 18:29 | Create | Scout Cavalry |
| 18:36 | Research | Forging |
| 18:50 | Build | House |
| 18:51 | Build | House |
| 19:05 | Create | Scout Cavalry |
| 19:21 | Create | Scout Cavalry |
| 19:38 | Research | Scale Barding Armor |
| 20:01 | Age | Castle Age |
| 20:08 | Research | Husbandry |
| 20:13 | Build | Town Center |
| 20:21 | Build | Town Center |
| 20:35 | Create | Knight |
| 20:37 | Create | Knight |
| 20:41 | Create | Villager (Male) |
| 21:22 | Create | Knight |
| 21:25 | Create | Villager (Male) |
| 21:30 | Create | Villager (Male) |
| 21:42 | Create | Knight |
| 21:53 | Create | Villager (Male) |
| 21:56 | Create | Villager (Male) |
| 21:56 | Create | Villager (Male) |
| 22:05 | Build | Town Center |
| 22:17 | Research | Husbandry |
| 22:42 | Create | Villager (Male) |
| 22:58 | Create | Knight |
| 23:15 | Create | Villager (Male) |
| 23:15 | Create | Villager (Male) |
| 23:18 | Build | Farm |
| 23:19 | Build | Farm |
| 23:22 | Create | Villager (Male) |
| 23:46 | Create | Knight |
| 23:52 | Create | Villager (Male) |
| 23:54 | Research | Bow Saw |
| 23:54 | Research | Bow Saw |
| 23:58 | Create | Villager (Male) |
| 23:58 | Create | Villager (Male) |
| 24:33 | Create | Villager (Male) ×3 |
| 24:34 | Create | Villager (Male) |
| 24:48 | Build | Farm |
| 24:49 | Create | Villager (Male) |
| 24:49 | Create | Villager (Male) |
| 24:52 | Build | Farm |
| 24:54 | Build | Farm |
| 25:06 | Build | Market |
| 25:09 | Create | Villager (Male) |
| 25:10 | Create | Villager (Male) |
| 25:10 | Create | Villager (Male) |
| 25:22 | Create | Villager (Male) |
| 25:26 | Build | Farm |
| 25:32 | Create | Villager (Male) |
| 25:33 | Build | Farm |
| 25:35 | Build | Farm |
| 25:50 | Create | Villager (Male) ×2 |
| 25:50 | Create | Villager (Male) |
| 26:08 | Create | Villager (Male) |
Match timeline
| 7:27 | Yisaac · first_building Barracks |
| 7:43 | Pinguica12 · first_building Barracks |
| 8:24 | 团团团子 · first_building Barracks |
| 8:27 | 团团团子 · wall_segment Palisade Wall x1 |
| 8:30 | Pinguica12 · age_up feudal |
| 8:31 | Yisaac · age_up feudal |
| 8:38 | Yisaac · first_building Archery Range |
| 9:23 | 团团团子 · age_up feudal |
| 9:28 | 团团团子 · first_building Stable |
| 9:39 | 团团团子 · wall_segment Palisade Wall x1 |
| 10:10 | 想当黄怡慈的狗,可我只是一只臭老鼠 · age_up feudal |
| 10:24 | ITzMfMiyagi · first_building Barracks |
| 10:36 | ITzMfMiyagi · age_up feudal |
| 10:36 | Pinguica12 · first_building Stable |
| 10:58 | 115slayer · age_up feudal |
| 11:04 | CTM | KLIN · age_up feudal |
| 11:22 | ITzMfMiyagi · first_building Archery Range |
| 11:59 | Yisaac · wall_segment Palisade Wall x17 |
| 12:11 | VNaif · age_up feudal |
| 13:46 | CTM | KLIN · age_up castle |
| 13:47 | VNaif · first_building Barracks |
| 14:12 | VNaif · first_market_buy 100 wood |
| 14:15 | 想当黄怡慈的狗,可我只是一只臭老鼠 · age_up castle |
| 14:28 | Pinguica12 · wall_segment Palisade Wall x1 |
| 14:29 | 115slayer · age_up castle |
| 14:29 | Pinguica12 · wall_segment Palisade Wall x1 |
| 14:29 | 115slayer · first_market_buy 100 stone |
| 15:48 | VNaif · age_up castle |
| 16:19 | 想当黄怡慈的狗,可我只是一只臭老鼠 · first_building Monastery |
| 17:08 | 团团团子 · first_market_sell 500 wood |
| 17:09 | 团团团子 · first_market_buy 100 food |
| 17:44 | Yisaac · wall_segment Palisade Wall x1 |
| 17:50 | ITzMfMiyagi · wall_segment Stone Wall x8 |
| 17:56 | ITzMfMiyagi · wall_segment Stone Wall x18 |
| 18:59 | CTM | KLIN · first_building Stable |
| 19:27 | ITzMfMiyagi · wall_segment Stone Wall x18 |
| 20:01 | 团团团子 · age_up castle |
| 20:56 | ITzMfMiyagi · wall_segment Stone Wall x4 |
| 21:39 | Yisaac · age_up castle |
| 23:08 | 115slayer · first_building Monastery |
| 23:12 | VNaif · wall_segment Stone Wall x25 |
| 23:32 | 想当黄怡慈的狗,可我只是一只臭老鼠 · first_building Castle |
| 23:53 | Pinguica12 · age_up castle |
| 23:56 | VNaif · first_building Castle |
| 24:58 | ITzMfMiyagi · first_market_buy 100 food |
| 25:31 | 想当黄怡慈的狗,可我只是一只臭老鼠 · first_building Barracks |
| 25:40 | Yisaac · first_market_buy 100 food |
| 25:58 | CTM | KLIN · first_building Castle |
| 26:09 | 想当黄怡慈的狗,可我只是一只臭老鼠 · first_market_sell 100 food |
| 26:20 | Pinguica12 · first_market_buy 100 stone |
| 26:23 | 想当黄怡慈的狗,可我只是一只臭老鼠 · first_building Stable |
| 26:48 | 115slayer · first_building Castle |
| 27:40 | ITzMfMiyagi · age_up castle |
| 27:59 | Pinguica12 · first_market_sell 100 food |
| 28:13 | 115slayer · first_building Barracks |
| 28:33 | CTM | KLIN · first_building Siege Workshop |
| 28:59 | 115slayer · age_up imperial |
| 29:13 | 团团团子 · first_building Castle |
| 29:19 | 115slayer · first_building Stable |
| 29:22 | 想当黄怡慈的狗,可我只是一只臭老鼠 · age_up imperial |
| 30:00 | Yisaac · first_building Siege Workshop |
| 30:18 | CTM | KLIN · age_up imperial |
| 31:21 | VNaif · age_up imperial |
| 31:26 | 想当黄怡慈的狗,可我只是一只臭老鼠 · first_building Siege Workshop |
| 32:01 | 团团团子 · first_building Siege Workshop |
| 33:10 | VNaif · first_market_sell 500 wood |
| 33:14 | 想当黄怡慈的狗,可我只是一只臭老鼠 · first_market_buy 100 stone |
| 33:15 | 115slayer · first_market_sell 500 wood |
| 33:20 | Pinguica12 · first_building Castle |
| 33:54 | Yisaac · first_building Castle |
| 34:14 | Yisaac · age_up imperial |
| 34:37 | 团团团子 · age_up imperial |
| 35:07 | Pinguica12 · first_building Siege Workshop |
| 37:39 | Pinguica12 · age_up imperial |
| 38:04 | ITzMfMiyagi · first_building Monastery |
| 38:12 | 团团团子 · first_building Archery Range |
| 38:51 | ITzMfMiyagi · first_building Siege Workshop |
| 40:21 | 115slayer · first_building Siege Workshop |
| 41:43 | ITzMfMiyagi · age_up imperial |
| 43:11 | ITzMfMiyagi · first_building Castle |
| 51:48 | Pinguica12 · resign |
[ AI ANALYSIS · 1 CREDIT ]
What really happened in this match?
Wolo.gg analyzes every decision: build order, eco, micro, common mistakes by bracket. Personalized analysis on WhatsApp or Discord in 30 seconds.
Civ guide
Britons
Perfil
Jugador #12260619